 Dungeon Crawl Stone Soup version 0.27.0-1-g7a089689b8 (webtiles) character file.

Game seed: 11463642662064317128

815 Brandom the Stinger (level 7, -1/36 HPs)
             Began as a Vine Stalker Venom Mage on Aug 8, 2021.
             Slain by a two-headed ogre (32 damage)
             ... on level 5 of the Dungeon.
             The game lasted 00:17:27 (4728 turns).

Brandom the Stinger (Vine Stalker Venom Mage)       Turns: 4728, Time: 00:17:27

Health: -1/36      AC:  5    Str: 11    XL:     7   Next: 94%
Magic:  0/14       EV: 17    Int: 17    God:
Gold:   287        SH:  0    Dex: 14    Spells: 4/14 levels left

rFire    + . .     SeeInvis .   g - +0 whip (flame)
rCold    . . .     Faith    .   (no shield)
rNeg     . . .     Spirit   +   a - +0 robe
rPois    .         Reflect  .   w - +0 helmet
rElec    .         Harm     .   n - +1 cloak
rCorr    .         Rampage  .   (no gloves)
Will     .....                  (no boots)
Stlth    ++........             i - amulet of the acrobat
HPRegen  1.12/turn              e - ring of protection from fire
MPRegen  0.14/turn              q - +4 ring of evasion

@: very slightly contaminated
A: fangs 2, regeneration 1, magic shield, antimagic bite, no potion heal 2
a: no special abilities


You were on level 5 of the Dungeon.
You visited 1 branch of the dungeon, and saw 5 of its levels.

You collected 287 gold pieces.

Inventory:

Hand Weapons
 d - a +0 hand axe
   (You found it on level 1 of the Dungeon)
 g - a +0 whip of flaming (weapon)
   (You took it off a kobold on level 1 of the Dungeon)
 h - a +1 dagger of venom
   (You took it off a goblin on level 1 of the Dungeon)
Missiles
 B - a throwing net {!f}
Armour
 a - a +0 robe (worn)
 c - a +0 cloak
   (You found it on level 1 of the Dungeon)
 n - a +1 cloak (worn)
   (You found it on level 2 of the Dungeon)
 w - a +0 helmet (worn)
   (You found it on level 4 of the Dungeon)
Jewellery
 e - a ring of protection from fire (left hand)
   (You found it on level 1 of the Dungeon)
 i - an amulet of the acrobat (around neck)
   (You found it on level 1 of the Dungeon)
 q - a +4 ring of evasion (right hand)
   (You found it on level 3 of the Dungeon)
Wands
 u - a wand of paralysis (10)
   (You found it on level 5 of the Dungeon)
 z - a wand of polymorph (9)
   (You found it on level 5 of the Dungeon)
Scrolls
 f - a scroll of immolation {unknown}
 j - 2 scrolls of enchant armour
 l - 2 scrolls of magic mapping
 m - a scroll of enchant weapon
 o - a scroll of vulnerability {!r}
 p - 6 scrolls of teleportation {@r4}
 r - a scroll of fog {unknown}
 s - 2 scrolls of amnesia {unknown}
 t - 2 scrolls of noise {unknown}
 v - a scroll of silence {unknown}
 A - a scroll of holy word {unknown}
 C - 3 scrolls of identify {@r1}
Potions
 b - 2 potions of heal wounds {@q2}
 k - a potion of flight
 x - a potion of attraction {unknown}
 y - 2 potions of mutation {unknown}


   Skills:
 + Level 3.0 Fighting
 + Level 3.4 Dodging
 - Level 2.4 Stealth
 + Level 4.2 Spellcasting
 + Level 2.7 Conjurations
 - Level 1.0 Transmutations
 + Level 2.7 Air Magic
 + Level 4.7 Poison Magic


You had 4 spell levels left.
You knew the following spells:

 Your Spells              Type           Power      Damage    Failure   Level
a - Sting                 Tmut/Pois      52%        1d5       4%          1
b - Poisonous Vapours     Pois/Air       32%        N/A       4%          2
c - Olgreb's Toxic Radia  Pois           19%        N/A       22%         4
d - Mephitic Cloud        Conj/Pois/Air  15%        N/A       12%         3

Your spell library contained the following spells:

 Spells                   Type           Power      Damage    Failure   Level
 Slow                     Hex            3%         N/A       24%         2
 Confusing Touch          Hex            3%         N/A       43%         3
 Yara's Violent Unravell  Hex/Tmut       2%         3d3       98%         5


Dungeon Overview and Level Annotations

Branches:
Dungeon (5/15)
 Temple: D:4-7

Altars:
Yredelemnul
Zin
The Shining One

Shops:
D:3 (

Annotations:
D:3 Menkaure


Innate Abilities, Weirdness & Mutations

You have extremely sharp teeth.
Your natural rate of healing is unusually fast.
When hurt, damage is shared between your health and your magic reserves.
Your bite disrupts and absorbs the magic of your enemies.
Potions cannot restore your health.


Message History

Aim: a scorpion (lightly wounded, poisoned, 71% to hit)
The sting hits the scorpion but does no damage.
The scorpion looks even sicker.
A scorpion is nearby!
You hit the scorpion. You burn the scorpion. You bite the scorpion.
You drain its power.
You feel invigorated. The scorpion barely misses you. The scorpion stings you.
You hit the scorpion. You burn the scorpion.
You kill the scorpion!
No target in view!
No target in view!
You see here a scorpion corpse.
A two-headed ogre comes into view.
It is wielding a +0 giant spiked club and a +0 giant club.
The two-headed ogre shouts in stereo!
You see here a scorpion corpse.
The spell is quite dangerous to cast (12% risk of failure)!
Continue anyway?
Aim: a two-headed ogre, wielding a +0 giant spiked club and a +0 giant club (chance to affect: 53%) That beam is likely to hit you.
Continue anyway?
You miscast Mephitic Cloud.
You are very lightly contaminated with residual magic.
Nothing appears to happen.
The two-headed ogre barely misses you.
The two-headed ogre hits you with a +0 giant club!!
Unknown command.
The spell is quite dangerous to cast (12% risk of failure)!
Continue anyway?
Aim: a two-headed ogre, wielding a +0 giant spiked club and a +0 giant club (chance to affect: 53%)
The ball explodes into a vile cloud!
The stinking cloud engulfs the two-headed ogre but does no damage.
You hear a shout! x3
The two-headed ogre is engulfed in noxious fumes.
The two-headed ogre appears confused.
You barely miss the two-headed ogre. Your bite misses the two-headed ogre.
The two-headed ogre is engulfed in noxious fumes.
The two-headed ogre appears confused.
The two-headed ogre misses you. x2
You catch the helpless two-headed ogre completely off-guard!
You hit the two-headed ogre. You burn the two-headed ogre.
The two-headed ogre is engulfed in noxious fumes.
The two-headed ogre appears confused.
You hit the two-headed ogre but do no damage.
You bite the two-headed ogre, but do no damage.
You hit the two-headed ogre. You burn the two-headed ogre.
You bite the two-headed ogre, but do no damage.
The two-headed ogre laughs at nothing.
The two-headed ogre closely misses you.
The two-headed ogre completely misses you.
You hit the two-headed ogre. You burn the two-headed ogre.
You bite the two-headed ogre. You drain its power.
You feel invigorated.
You hit the two-headed ogre. You burn the two-headed ogre.
The two-headed ogre hits you with a +0 giant spiked club!!!
Ouch! That really hurt!
You die...

#.⌠... ####. ...#
###.. ##.## #....
###...# #....
#.†.⌠.# ##...
#.#...# ##...
#.#############....
#.######.......#...
#O@................
###[............###
#.......##.......
##########.#.....
##.###... #........
####....# ##....##.
##........


You could see a two-headed ogre (confused).

Vanquished Creatures
  An ice beast (D:4)
  A wyvern zombie (D:5)
  A gnoll sergeant (D:4)
  4 scorpions (D:5)
  A centaur zombie (D:5)
  A jelly (D:4)
  A hound (D:2)
  A hound zombie (D:5)
  6 gnolls (D:5)
  12 adders
  A white imp (D:4)
  An ufetubus (D:4)
  A worm (D:3)
  A dart slug (D:2)
  6 bats
  2 endoplasms
  3 giant cockroaches
  6 goblins
  3 hobgoblins
  16 jackals
  11 kobolds
  A quokka (D:1)
  9 ball pythons
  5 rats
95 creatures vanquished.

Notes
Turn   | Place    | Note
-------+----------+-------------------------------------------
     0 | D:1      | Brandom the Vine Stalker Venom Mage began the quest for the
                  | Orb.
     0 | D:1      | Reached XP level 1. HP: 9/9 MP: 4/4
   259 | D:1      | Reached XP level 2. HP: 14/14 MP: 6/6
   689 | D:1      | Reached XP level 3. HP: 16/17 MP: 5/7
   692 | D:1      | Reached skill level 1 in Fighting
  1546 | D:2      | Gained mutation: Your natural rate of healing is unusually
                  | fast. [Vine Stalker growth]
  1546 | D:2      | Reached XP level 4. HP: 22/22 MP: 7/9
  1683 | D:2      | Learned a level 2 spell: Poisonous Vapours
  1687 | D:2      | Learned a level 3 spell: Mephitic Cloud
  2147 | D:3      | Reached XP level 5. HP: 26/26 MP: 8/10
  2301 | D:3      | Found Moenwi's Antique Weapon Boutique.
  2353 | D:3      | Reached skill level 1 in Air Magic
  2532 | D:3      | Reached skill level 1 in Conjurations
  2818 | D:4      | Noticed Menkaure
  2823 | D:4      | Noticed an ice beast
  2977 | D:4      | Killed an ice beast
  2978 | D:4      | Reached XP level 6. HP: 20/30 MP: 5/12
  2983 | D:4      | Learned a level 4 spell: Olgreb's Toxic Radiance
  3535 | D:5      | Entered Level 5 of the Dungeon
  3696 | D:5      | Reached XP level 7. HP: 35/35 MP: 4/13
  4423 | D:5      | Found a basalt altar of Yredelemnul.
  4466 | D:5      | Found a glowing silver altar of Zin.
  4577 | D:5      | Found a glowing golden altar of the Shining One.
  4714 | D:5      | Noticed a two-headed ogre
  4728 | D:5      | Slain by a two-headed ogre

Illustrated notes

Levels and vault maps discovered:
D:1:      roderic_chinese_lattice_arrival, layout_basic,
          minmay_indecisive_spiral
D:2:      layout_basic, minmay_pentomino_q2
D:3:      layout_basic, serial_shops, nicolae_shop_statue_plus,
          kennysheep_nondescript, minmay_misc_feat_roman
D:4:      layout_basic, minmay_splitting_lines, minmay_misc_feat_rows,
          uniq_menkaure
D:5:      layout_rooms, zin_statuary, nicolae_tso_swordbearing_angel,
          lemuel_zombie_altar_yredelemnul, minmay_temple_entry_nine_rooms,
          st_stairs_3

Skill      XL: |  1  2  3  4  5  6  7 |
---------------+----------------------+-----
Fighting       | 1 2 3 |  3.0
Dodging        | 2 3 |  3.4
Spellcasting   | 3 4 |  4.2
Air Magic      | 1 2 |  2.7
Conjurations   | 1 2 |  2.7
Poison Magic   | 4 |  4.7
Stealth        | |  2.4
Transmutations | |  1.0

Action                   |  1- 3 |  4- 6 |  7- 9 || total
-------------------------+-------+-------+-------++-------
Melee: Hand axe          |    27 |       |       ||    27
       Dagger            |    62 |   108 |       ||   170
       Bite              |    16 |    49 |    27 ||    92
       Whip              |       |    55 |    80 ||   135
 Cast: Sting             |    18 |     5 |    18 ||    41
       Poisonous Vapours |       |     3 |    15 ||    18
       Mephitic Cloud    |       |       |     1 ||     1
  Use: Scroll            |       |     7 |       ||     7
 Stab: Sleeping          |     2 |     4 |     1 ||     7
       Confused          |       |       |     1 ||     1
Armor: Robe              |    33 |    28 |    20 ||    81
Dodge: Dodged            |    74 |   126 |   135 ||   335
